 Dungeon Crawl Stone Soup version 0.28.0-53-g5a82cb258f (webtiles) character file.

Game seed: 7672697611469934024

1600 Doot the Changer (level 8, -3/54 HPs)
             Began as an Octopode Cinder Acolyte on June 2, 2022.
             Was a Follower of Ignis.
             Slain by Prince Ribbit (19 damage)
             ... on level 7 of the Dungeon.
             The game lasted 00:10:10 (9580 turns).

Doot the Changer (Octopode Cinder Acolyte)          Turns: 9580, Time: 00:10:10

Health: -3/54      AC:  1    Str: 14    XL:     8   Next: 94%
Magic:  5/9        EV: 12    Int: 18    God:    Ignis [*.....]
Gold:   403        SH:  0    Dex:  7    Spells: 2/9 levels left

rFire   + . .      SeeInvis .     - Unarmed
rCold   . . .      Faith    .   (shield currently unavailable)
rNeg    . . .      Spirit   .   (helmet restricted)
rPois   .          Reflect  .   (no amulet)
rElec   .          Harm     .   (no ring)
rCorr   .          Rampage  .   (no ring)
Will    .....                   (no ring)
Stlth   +++.......              (no ring)
HPRegen 0.18/turn               (no ring)
MPRegen 0.11/turn               (no ring)
                                (no ring)
                                (no ring)

@: blade tentacles (expiring)
A: almost no armour, amphibious, 8 rings, camouflage 1, gelatinous body 1,
(nimble swimmer 1), tentacles
a: End Transformation, Renounce Religion, Fiery Armour, Foxfire Swarm, Rising
Flame


You were on level 7 of the Dungeon.
You worshipped Ignis.
Ignis was aware of your devotion.
You had blades for main tentacles.
You visited 2 branches of the dungeon, and saw 8 of its levels.

You collected 403 gold pieces.

Inventory:

Hand Weapons
 a - a -1 falchion of flaming
 b - a +0 dagger of venom
 e - a +1 dagger of speed (melded)
Missiles
 q - 8 poisoned darts (quivered)
 w - a throwing net
Jewellery
 x - a ring of magical power
Scrolls
 d - a scroll of summoning {unknown}
 f - 5 scrolls of teleportation {unknown}
 j - 6 scrolls of identify {unknown}
 l - a scroll of acquirement {unknown}
 m - a scroll of magic mapping {unknown}
 o - 2 scrolls of immolation {unknown}
 p - a scroll of enchant weapon {unknown}
 r - 2 scrolls of blinking {unknown}
 s - 2 scrolls of fog {unknown}
 t - 2 scrolls of torment {unknown}
 v - a scroll of silence {unknown}
Potions
 c - a potion of heal wounds {unknown}
 g - a potion of attraction {unknown}
 h - a potion of brilliance {unknown}
 i - a potion of lignification {unknown}
 n - 2 potions of flight {unknown}
 u - a potion of invisibility {unknown}


   Skills:
 - Level 4.0 Fighting
 - Level 2.6(3.4) Short Blades
 - Level 3.2(3.7) Long Blades
 - Level 0.1 Throwing
 - Level 1.1 Dodging
 - Level 3.7 Stealth
 * Level 4.9 Unarmed Combat
 - Level 1.0 Spellcasting
 + Level 7.7 Transmutations
 - Level 3.3 Fire Magic


You had 2 spell levels left.
You knew the following spells:

 Your Spells              Type           Power      Damage    Failure   Level
a - Blade Hands           Tmut           14%        N/A       65%         5
b - Passwall              Tmut/Erth      11%        N/A       36%         2

Your spell library contained the following spells:

 Spells                   Type           Power      Damage    Failure   Level
 Scorch                   Fire           26%        2d6       41%         2
 Pain                     Necr           0%         1d4       63%         1
 Sandblast                Erth           0%         2d4       63%         1
 Ignite Poison            Fire/Tmut/Pois 14%        N/A       52%         3
 Mephitic Cloud           Conj/Pois/Air  0%         N/A       88%         3
 Stone Arrow              Conj/Erth      0%         3d7       88%         3
 Irradiate                Conj/Tmut      7%         3d15      97%         5
 Agony                    Necr           0%         N/A       100%        5
 Excruciating Wounds      Necr           0%         N/A       100%        5
 Freezing Cloud           Conj/Ice/Air   0%         6-21      100%        5
 Dragon Form              Tmut           14%        N/A       100%        7


Dungeon Overview and Level Annotations

Branches:
Dungeon (7/15)             Temple (1/1) D:5

Altars:
Ashenzari
Cheibriados
Dithmenos
Elyvilon
Fedhas
Hepliaklqana
Kikubaaqudgha
Makhleb
Nemelex Xobeh
Okawaru
Qazlal
Ru
Sif Muna
Trog
Uskayaw
Vehumet
Wu Jian
Xom
Yredelemnul
Zin
The Shining One

Annotations:
D:7 Harold, Prince Ribbit


Innate Abilities, Weirdness & Mutations

You have blades for main tentacles.
Your spellcasting is less reliable in this form.
You are incapable of wielding weapons or throwing items.
You cannot wear most types of armour.
You are amphibious.
You can wear up to eight rings at the same time.
Your skin changes colour to match your surroundings (Stealth+).
Your rubbery body absorbs attacks. (AC +1, EV +1)
((You are camouflaged when in or above water. (Stealth+)))
You have tentacles for arms and can constrict up to eight enemies at once.


Message History

You throw a poisoned dart.
The poisoned dart barely misses the scorpion.
Unknown command.
Casting: Blade Hands (quite dangerous; 24% risk of failure)
Confirm with . or Enter, or press ? or * to list all spells.
The spell is quite dangerous to miscast (24% risk of failure)!
Continue anyway?
Your main tentacles turn into razor-sharp scythe blades.
Your +1 dagger of speed melds into your body.
A kobold comes into view. It is wielding a +0 short sword.
Unknown command.
You slash the scorpion! You grab the scorpion. You squeeze the scorpion.
You kill the scorpion!
The kobold throws a stone.
The stone misses you.
Found a fuming cyan potion.
Prince Ribbit comes into view.
A kobold comes into view. It is wielding a +0 dagger.
Found 10 gold pieces and a short sword.
The kobold throws a stone.
The stone hits you.
A kobold brigand comes into view.
It is wielding a +0 short sword and quivering poisoned darts.
Unknown command.
The kobold throws a stone.
The stone hits you.
Your transformation is almost over.
Prince Ribbit closely misses you.
You barely miss Prince Ribbit. Your grab misses Prince Ribbit.
The kobold hits you with a +0 short sword.
Prince Ribbit hits you!!
Unknown command.
You closely miss Prince Ribbit. You grab Prince Ribbit.
You squeeze Prince Ribbit!
Prince Ribbit is lightly wounded.
You constrict Prince Ribbit. Prince Ribbit hits you.
* * * LOW HITPOINT WARNING * * *
The kobold hits you with a +0 short sword.
* * * LOW HITPOINT WARNING * * *
Okay, then.
You feel better.
You constrict Prince Ribbit. Prince Ribbit hits you.
The kobold hits you with a +0 short sword.
* * * LOW HITPOINT WARNING * * *
Prince Ribbit hits you!!
You die...

#.............##'### #<.........#
#..................# #.......##..
#.......#+#........# #.......##.#
#.......# ###......# #........#..
#.......# #......# #........#..
#.......# #††....###........#..
#.....<.# #.................###
#.....$.#.###............(.......
#.....$.#.......@F...............
#........$!......KK..........###.
#....@..........###..........# #.
........# ..........# #.
........# ....####### #. ..)....
...# #. ....... ...# #. .......
#. #.


You could see Prince Ribbit, a kobold brigand and a kobold.

Vanquished Creatures
  Grinder (D:6)
  A hornet zombie (D:6)
  An ice beast (D:7)
  2 ogres (D:6)
  A centaur (D:6)
  2 phantoms (D:5)
  A scorpion (D:7)
  A water moccasin skeleton (D:7)
  3 howler monkeys
  A bullfrog zombie (D:5)
  7 hounds
  2 orc priests
  2 jellies
  A bullfrog skeleton (D:7)
  An iguana (D:6)
  2 orc wizards (D:6)
  6 adders
  A shadow imp (D:7)
  An ufetubus (D:4)
  2 dart slugs
  6 orcs
  4 endoplasms
  3 giant cockroaches
  6 goblins
  9 hobgoblins
  5 jackals
  8 kobolds
  3 quokkas
  7 ball pythons
  5 bats
  5 frilled lizards
  2 rats
102 creatures vanquished.

Vanquished Creatures (others)
  79 foxfires (D:6)
  7 plants
86 creatures vanquished.

Grand Total: 188 creatures vanquished

Notes
Turn   | Place    | Note
-------+----------+-------------------------------------------
     0 | D:1      | Doot the Octopode Cinder Acolyte began the quest for the
                  | Orb.
     0 | D:1      | Reached XP level 1. HP: 16/16 MP: 2/2
   355 | D:1      | Reached XP level 2. HP: 21/21 MP: 3/3
  1853 | D:2      | Reached XP level 3. HP: 20/26 MP: 4/4
  1941 | D:2      | Reached skill level 1 in Stealth
  2005 | D:2      | Found a bloodstained altar of Trog.
  2921 | D:2      | Found a faded altar of an unknown god.
  3184 | D:3      | Reached XP level 4. HP: 31/33 MP: 5/5
  3278 | D:3      | Reached skill level 1 in Short Blades
  4088 | D:4      | Identified the +0 pair of gloves of Kindness {Regen+ Dex+5}
  4645 | D:4      | Reached XP level 5. HP: 33/37 MP: 6/6
  4753 | D:5      | Entered Level 5 of the Dungeon
  4761 | D:5      | Found a staircase to the Ecumenical Temple.
  4811 | Temple   | Entered the Ecumenical Temple
  5214 | D:5      | Reached skill level 1 in Dodging
  5235 | D:5      | Noticed a phantom
  5292 | D:5      | Reached skill level 1 in Unarmed Combat
  5331 | D:5      | Noticed a phantom
  5396 | D:5      | Reached XP level 6. HP: 43/43 MP: 7/7
  5582 | D:5      | Learned a level 5 spell: Blade Hands
  5686 | D:6      | Reached skill level 2 in Transmutations
  5922 | D:6      | Reached skill level 3 in Transmutations
  6226 | D:7      | Reached XP level 7. HP: 48/48 MP: 8/8
  6930 | D:6      | Reached skill level 4 in Transmutations
  7090 | D:6      | Noticed Grinder
  7097 | D:6      | Paralysed by Grinder for 3 turns
  7102 | D:6      | Killed Grinder
  7103 | D:6      | Reached skill level 5 in Transmutations
  7280 | D:6      | Reached skill level 6 in Transmutations
  7286 | D:6      | Reached XP level 8. HP: 22/54 MP: 9/9
  7693 | D:5      | Reached skill level 7 in Transmutations
  7698 | D:6      | Learned a level 2 spell: Passwall
  9558 | D:7      | Noticed Harold
  9573 | D:7      | Noticed Prince Ribbit
  9580 | D:7      | Slain by Prince Ribbit

Illustrated notes

Levels and vault maps discovered:
D:1:      tarquinn_simple_flora_water_e, layout_basic,
          chequers_serial_rivers_micro_a, roderic_lattice_a
D:2:      layout_basic, shapermc_ecumenical_altar_mp_vishouse, basic_altar,
          kennysheep_decorative_pillar
D:3:      cheibrodos_old_hovel, layout_loops_cross
D:4:      layout_loops_ring
D:5:      layout_basic, minmay_temple_entry_large_hall, chequers_garden
D:6:      layout_gridville, corexii_corridor_pit, hangedman_decor_opposing,
          uniq_grinder
D:7:      layout_basic, uniq_prince_ribbit1, uniq_harold
Temple:   mainiacjoe_temple_circle_huts

Skill      XL: |  1  2  3  4  5  6  7  8 |
---------------+-------------------------+-----
Stealth        | 2 3 |  3.7
Short Blades   | 1 2 |  2.6
Dodging        | 1 |  1.1
Fighting       | 4 |  4.0
Unarmed Combat | 1 4 |  4.9
Transmutations | 3 6 7 |  7.7
Long Blades    | |  3.2
Throwing       | |  0.1
Spellcasting   | |  1.0
Fire Magic     | |  3.3

Action                   |  1- 3 |  4- 6 |  7- 9 || total
-------------------------+-------+-------+-------++-------
Melee: Dagger            |    82 |   110 |    65 ||   257
       Tentacles         |    11 |    23 |    35 ||    69
       Constrict         |    16 |    23 |    19 ||    58
       Punch             |       |     1 |     4 ||     5
       Unarmed           |       |       |    24 ||    24
Throw: Dart              |       |     7 |     3 ||    10
 Cast: Blade Hands       |       |       |     7 ||     7
Invok: Fiery Armour      |     1 |     1 |       ||     2
       Foxfire Swarm     |       |     1 |     4 ||     5
  Use: Potion            |       |       |     4 ||     4
 Stab: Sleeping          |     6 |     7 |     4 ||    17
       Distracted        |     1 |       |       ||     1
Armor: Skin              |     7 |     9 |     3 ||    19
Dodge: Dodged            |    31 |    48 |    39 ||   118
